 Dungeon Crawl Stone Soup version 0.31-a0-564-g3b7de120b3 (webtiles) character file.

Game seed: 13542510566642619936

253 NinjaNoafa the Changeling (level 6, 0/51 HPs)
             Began as a Naga Shapeshifter on Aug 17, 2023.
             Slain by an orc
             ... wielding a +0 mace
              (5 damage)
             ... on level 3 of the Dungeon.
             The game lasted 00:09:47 (2938 turns).

NinjaNoafa the Changeling (Naga Shapeshifter)       Turns: 2938, Time: 00:09:48

Health: 0/51       AC:  5    Str: 25    XL:     6   Next: 14%
Magic:  6/6        EV:  8    Int:  8    God:
Gold:   160        SH:  0    Dex: 12    Spells: 5/5 levels left

rFire   . .          .
                       - Unarmed
rCold   . . .        (no shield)
rNeg    . . .        u - +0 scale mail
rPois   +            o - melded +0 helmet
rElec   .            v - melded +0 cloak
rCorr   .            (gloves currently unavailable)
SInv    +            (no barding)
Will    .....        g - amulet of the acrobat Stlth
                     r - +6 ring of strength
HPRegen 0.28/turn    (no ring)
MPRegen 0.10/turn

%: acrobat
@: confused, lethally poisoned (0 -> -6), beast-form, ambrosia-drunk, very slow
A: beast (slay +3), AC +2, large, see invisible, deformed body, poison
resistance, slowness 2, spit poison 1, naga tail 1
a: Spit Poison, Begin Untransformation


You were on level 3 of the Dungeon.
You were a hulking beast.
You visited 1 branch of the dungeon, and saw 4 of its levels.

You collected 160 gold pieces.

Inventory:

Missiles
 m - 4 boomerangs
Armour
 o - a +0 helmet (melded)
 u - a +0 scale mail (worn)
 v - a +0 cloak (melded)
Jewellery
 g - an amulet of the acrobat (around neck)
 r - a +6 ring of strength (left hand)
Talismans
 c - a beast talisman (active)
 d - a flux talisman
Scrolls
 f - 2 scrolls of poison
 h - 2 scrolls of blinking {unknown}
 j - a scroll of silence {unknown}
 k - a scroll of noise {unknown}
 n - a scroll of fear {unknown}
 p - 2 scrolls of teleportation {unknown}
 q - a scroll of amnesia {unknown}
 s - a scroll of enchant weapon {unknown}
 t - a scroll of immolation {unknown}
Potions
 b - a potion of lignification
 e - a potion of brilliance
 i - 2 potions of might


   Skills:
 - Level 1.0 Fighting
 - Level 1.5 Dodging
 - Level 2.6 Stealth
 - Level 3.5 Unarmed Combat
 + Level 5.3 Shapeshifting


You had 5 spell levels left.
You didn't know any spells.
Your spell library contained the following spells:

 Spells                   Type           Power      Damage    Failure   Level
 Blink                    Tloc           0%         N/A       85%         2
 Lesser Beckoning         Tloc           0%         N/A       85%         2
 Momentum Strike          Conj/Tloc      0%         3d8       85%         2
 Volatile Blastmotes      Fire/Tloc      0%         2d10      97%         3
 Fulminant Prism          Conj/Hex       0%         3d5       100%        4
 Iskenderun's Mystic Bla  Conj/Tloc      0%         2d3       100%        4


Dungeon Overview and Level Annotations

Branches:
Dungeon (4/15) Zot: 20080
 Temple: D:4-7

Altars:

Shops:
D:1 *


Innate Abilities, Weirdness & Mutations

You are a hulking beast.
Your limbs bulge with bestial killing power. (Slay +3)
Your serpentine skin is tough. (AC +2)
You have supernaturally acute eyesight. (SInv)
Armour fits poorly on your strangely shaped body.
Your system is resistant to poisons. (rPois)
You cover ground very slowly.
You can spit poison.
You have a snake-like lower body.


Message History

Unknown command.
Unknown command.
Aiming: Spit Poison (1% risk of failure)
Press: ? - help, Q - select action, (/) - cycle Shift-Dir - straight line, f - you
Okay, then.
You hit the orc priest. The orc hits you with a +0 mace.
* * * LOW HITPOINT WARNING * * *
The orc priest hits you but does no damage.
The orc hits you but does no damage.
You take 3 damage, and have 12/51 hp.
Unknown command.
You hit the orc priest. The orc hits you with a +0 mace.
* * * LOW HITPOINT WARNING * * *
The orc priest barely misses you. The orc barely misses you.
You take 1 damage, and have 11/51 hp.
You barely miss the orc priest. The orc hits you with a +0 mace!
* * * LOW HITPOINT WARNING * * *
The orc priest hits you with a +0 dagger of venom.
* * * LOW HITPOINT WARNING * * *
The orc closely misses you.
You take 7 damage, and have 4/51 hp.
It was a potion of curing.
You feel better. The orc hits you with a +0 mace.
* * * LOW HITPOINT WARNING * * *
The orc priest completely misses you. The orc hits you with a +0 dagger.
* * * LOW HITPOINT WARNING * * *
Unknown command.
It was a potion of ambrosia.
You are confused.
You feel invigorated. The orc hits you with a +0 mace.
* * * LOW HITPOINT WARNING * * *
The orc priest hits you with a +0 dagger of venom.
* * * LOW HITPOINT WARNING * * *
You are lethally poisoned!
The orc hits you but does no damage.
You take 3 damage, and have 2/51 hp.
Unknown command.
You bump into the rock wall.
* * * LOW HITPOINT WARNING * * *
You feel sick. The orc hits you with a +0 mace.
You die...

######.##[##.#.####..#
#..#.......)...<# #
#.#...##..#########
#.######...........
#.# #.########## #.#
#.# #.# #.########
#o#### #........###
#oho.# ########....
####.# #######....
#.####......).##
#.##.........##
#.##.#.####..รท##
#.##.#.###.....#
#.##.#.##......>
#...............
#..#..###.......


You could see an orc priest and 2 orcs.

Vanquished Creatures
  Crazy Yiuf (D:3)
  An orc priest (D:3)
  A sleepcap (D:3)
  An orc wizard (D:3)
  6 adders
  2 worms (D:3)
  4 orcs (D:3)
  5 endoplasms
  4 giant cockroaches
  14 goblins
  8 hobgoblins
  5 jackals
  A quokka (D:2)
  3 ball pythons
  7 bats
  2 frilled lizards (D:2)
  7 kobolds
  8 rats
80 creatures vanquished.

Notes
Turn   | Place    | Note
-------+----------+-------------------------------------------
     0 | D:1      | NinjaNoafa the Naga Shapeshifter began the quest for the
                  | Orb.
     0 | D:1      | Reached XP level 1. HP: 18/18 MP: 1/1
   119 | D:1      | Found Cuiseeh's Assorted Antiques.
   268 | D:1      | Reached skill level 1 in Stealth
   281 | D:1      | Reached XP level 2. HP: 22/25 MP: 2/2
   622 | D:1      | Found a faded altar of an unknown god.
  1241 | D:2      | Reached XP level 3. HP: 18/31 MP: 3/3
  1694 | D:2      | Reached XP level 4. HP: 32/38 MP: 4/4
  1790 | D:3      | Reached skill level 4 in Shapeshifting
  1880 | D:3      | Reached XP level 5. HP: 32/44 MP: 5/5
  2361 | D:3      | Identified the +12 hand axe of Interdependent Arising
                  | {heavy, Will- Dex+7}
  2403 | D:3      | Found a runed translucent door.
  2404 | D:3      | Noticed Crazy Yiuf
  2566 | D:3      | Reached skill level 5 in Shapeshifting
  2752 | D:3      | Killed Crazy Yiuf
  2753 | D:3      | Reached XP level 6. HP: 25/51 MP: 6/6
  2928 | D:4      | Noticed an orc warrior
  2937 | D:3      | HP: 2/51 [orc priest/+0 dagger of venom (3)]
  2938 | D:3      | Slain by an orc

Illustrated notes

Levels and vault maps discovered:
D:1:      kilobyte_arrival_exit_the_forest, layout_loops_corners, serial_shops,
          shop, hellmonk_ecumenical_altar_leap_of_faith, chequers_big_river
D:2:      kennysheep_big_flooded_room, layout_rooms, minmay_pentomino_o2
D:3:      layout_loops_ring, hangedman_decor_riveting, minmay_goblin_outpost,
          uniq_crazy_yiuf_cottage
D:4:      layout_gridville, mainiacjoe_overflow_alcove_1,
          nicolae_gozag_cash_rules_everything_around_me

Skill      XL: |  1  2  3  4  5 |
---------------+----------------+-----
Stealth        | 1 2 |  2.6
Shapeshifting  | 4 5 |  5.3
Fighting       | |  1.0
Dodging        | |  1.5
Unarmed Combat | |  3.5

Action                     |  1- 3 |  4- 6 || total
---------------------------+-------+-------++-------
  Melee: Unarmed           |    89 |    87 ||   176
         Punch             |       |     2 ||     2
Ability: Spit Poison       |    13 |    22 ||    35
    Use: Potion            |       |     3 ||     3
         Scroll            |       |     3 ||     3
   Stab: Sleeping          |     2 |       ||     2
 Armour: Animal skin       |    20 |     4 ||    24
         Skin              |       |     4 ||     4
         Scale mail        |       |    18 ||    18
  Dodge: Dodged            |    89 |    63 ||   152
   Form: Flux              |     1 |     1 ||     2
         Beast             |     1 |     2 ||     3
                           |       |     1 ||     1

Table legend: (Time is in decaauts)
 A = Elapsed time spent in this place.
 B = Non-inter-level travel time spent in this place.
 C = Inter-level travel time spent in this place.
 D = Time resting spent in this place.
 E = Time spent auto-exploring this place.
 F = Levels seen in this place.
 G = Mean time per level.
                   A        B        C        D        E       F      G
               +--------+--------+--------+--------+--------+-----+--------+
         Total |   3918 |   3496 |    422 |     99 |   2636 |   4 |  979.5 |
       Dungeon |   3918 |   3496 |    422 |     99 |   2636 |   4 |  979.5 |
               +--------+--------+--------+--------+--------+-----+--------+

Top non-repeatable levels by time:
     D:1: 1535 daAuts
     D:3: 1444 daAuts
     D:2: 930 daAuts
     D:4: 7 daAuts
